 Dungeon Crawl Stone Soup version 0.19.5 (webtiles) character file.

291 Neder the Chopper (level 6, 45/47 HPs)
             Began as a Demonspawn Berserker on Apr 15, 2017.
             Was a Priest of Trog.
             Quit the game on level 3 of the Dungeon.
             The game lasted 00:03:44 (2933 turns).

Neder the Chopper (Demonspawn Berserker)            Turns: 2933, Time: 00:03:44

Health: 45/47      AC:  9    Str: 20    XL:     6   Next: 10%
Magic:  6/6        EV:  8    Int:  8    God:    Trog [***...]
Gold:   70         SH:  0    Dex: 12    Spells: 0 memorised, 5 levels left

rFire  . . .     SeeInvis .     a - +0 hand axe
rCold  . . .     Gourm    .     n - +0 chain mail
rNeg   . . .     Faith    .     (no shield)
rPois  .         Spirit   .     q - +0 helmet
rElec  .         Reflect  .     (no cloak)
rCorr  .         Harm     .     (no gloves)
MR     .....                    (no boots)
Stlth  ..........               (no amulet)
                                (no ring)
                                (no ring)

@: no status effects
A: nightstalker 1, powered by pain 2
a: Berserk, Trog's Hand, Burn Spellbooks, Renounce Religion


You were on level 3 of the Dungeon.
You worshipped Trog.
Trog was most pleased with you.
You were not hungry.

You visited 1 branch of the dungeon, and saw 3 of its levels.

You collected 70 gold pieces.

Inventory:

Hand Weapons
 a - a +0 hand axe (weapon)
Armour
 b - a +0 animal skin
 n - a +0 chain mail (worn)
 q - a +0 helmet (worn)
Jewellery
 k - a cursed amulet of inaccuracy {unknown}
 m - an uncursed ring of fire {unknown}
 s - a cursed ring of loudness {unknown}
Wands
 p - a wand of teleportation (3/9)
Scrolls
 e - a scroll of magic mapping {unknown}
 f - 2 scrolls of enchant armour {unknown}
 g - 2 scrolls of identify {unknown}
 u - 4 scrolls of recharging {unknown}
 w - a scroll of fear {unknown}
Potions
 d - 2 potions of curing {unknown}
 l - a potion of magic {unknown}
 o - a potion of might {unknown}
 r - a potion of brilliance {unknown}
 t - a potion of heal wounds {unknown}
Books
 x - a book of Minor Magic

   Spells                             Type                      Level
   a - Magic Dart                     Conjuration                  1
   b - Blink                          Translocation                2
   c - Call Imp                       Summoning                    2
   d - Repel Missiles                 Charms/Air                   2
   e - Slow                           Hexes                        2
   f - Conjure Flame                  Conjuration/Fire             3
   g - Mephitic Cloud                 Conjuration/Poison/Air       3
   Trog disapproves of the use of such an item.
Comestibles
 c - 6 bread rations
 h - 4 chunks of flesh
 i - 2 beef jerkies
 j - 2 fruits
 v - a meat ration


   Skills:
 - Level 3.0 Fighting
 + Level 6.3 Axes
 - Level 1.7 Armour
 - Level 1.7 Dodging


You had 5 spell levels left.
You didn't know any spells.

Dungeon Overview and Level Annotations

Branches:
Dungeon (3/15)

Altars:
Okawaru


Innate Abilities, Weirdness & Mutations

You are slightly more attuned to the shadows.
You sometimes gain power by taking damage.


Message History

Your chain mail prevents you from hitting the hound.
The hound bites you but does no damage. x2
You hit the hound.
The hound is moderately wounded.
The hound closely misses you.
You closely miss the hound.
The hound is moderately wounded.
The hound misses you. The hound bites you but does no damage.
You hit the hound.
The hound is severely wounded.
The hound bites you.
You hit the hound.
You kill the hound!
Trog accepts your kill.
You have reached level 6!
Your experience leads to an increase in your attributes!
Increase (S)trength, (I)ntelligence, or (D)exterity?
You feel stronger.
Your demonic ancestry asserts itself...
You slip into the darkness of the dungeon.
Are you sure you want to abandon this character and quit the game? (Confirm with "yes".)

#.#..#
.... #.#.#
#.# #....#
...# #.#.#
#.# ###.##
..# #.#.#
#.# ...
..# #.#.#
#.# #.#
..#
#.#.###.##
... #.#
#.#......#
#)#
#.########
#r#
#........#
#@#
######.###
#.# #.#
#######.#
#.#
#.......#
#.#
#.......#
#.#
#.......#
#.#
#.......#
#.#
#.......#
#.#
#.......#
#.#


You could see a rat.

Vanquished Creatures
  An ice beast (D:3)
  A hound (D:3)
  Jessica (D:2)
  Ijyb (D:2)
  Robin (D:2)
  3 adders
  An ooze (D:3)
  A worm (D:2)
  2 leopard geckos
  3 giant cockroaches
  21 goblins
  7 hobgoblins
  4 jackals (D:2)
  9 kobolds
  6 bats
  3 frilled lizards
  11 rats
76 creatures vanquished.

Notes
Turn   | Place    | Note
-------+----------+-------------------------------------------
     0 | D:1      | Neder the Demonspawn Berserker began the quest for the Orb.
     0 | D:1      | Reached XP level 1. HP: 18/18 MP: 1/1
   166 | D:1      | Reached skill level 3 in Axes
   574 | D:1      | Gained mutation: You sometimes gain a little power by taking damage. [demonic ancestry]
   574 | D:1      | Reached XP level 2. HP: 20/24 MP: 2/2
  1372 | D:2      | Gained mutation: You sometimes gain power by taking damage. [demonic ancestry]
  1372 | D:2      | Reached XP level 3. HP: 27/29 MP: 3/3
  1386 | D:2      | Reached ** piety under Trog
  1428 | D:2      | Noticed Jessica
  1437 | D:2      | Killed Jessica
  1437 | D:2      | Reached skill level 4 in Axes
  1463 | D:2      | Found an iron altar of Okawaru.
  1474 | D:2      | Reached XP level 4. HP: 35/35 MP: 4/4
  1476 | D:2      | Noticed Robin
  1499 | D:2      | Killed Robin
  1773 | D:2      | Noticed Ijyb
  1828 | D:2      | Killed Ijyb
  1828 | D:2      | Reached skill level 5 in Axes
  1899 | D:2      | Reached XP level 5. HP: 18/41 MP: 5/5
  2287 | D:3      | Noticed an ice beast
  2303 | D:3      | Killed an ice beast
  2303 | D:3      | Reached skill level 6 in Axes
  2749 | D:3      | Reached *** piety under Trog
  2932 | D:3      | Gained mutation: You are slightly more attuned to the shadows. [demonic ancestry]
  2932 | D:3      | Reached XP level 6. HP: 44/47 MP: 6/6
  2933 | D:3      | Quit the game

Skill      XL: |  1  2  3  4  5 |
---------------+----------------+-----
Axes           | 3 4 5 6 |  6.3
Fighting       | |  3.0
Armour         | |  1.7
Dodging        | |  1.7

Action                   |  1- 3 |  4- 6 || total
-------------------------+-------+-------++-------
Melee: Hand axe          |   101 |   168 ||   269
Invok: Berserk           |     2 |     2 ||     4
  Eat: Fruit             |     1 |     1 ||     2
       Chunk             |     2 |     5 ||     7
       Pizza             |       |     1 ||     1
Armor: Animal skin       |     7 |       ||     7
       Chain mail        |    19 |   129 ||   148
Dodge: Dodged            |    67 |    75 ||   142
